 Dungeon Crawl Stone Soup version 0.17-a0-896-g249456b (webtiles) character file.

261 xeno23 the Ogre Mage (level 6, 0/59 HPs)
             Began as an Ogre Wizard on May 2, 2015.
             Slain by Grinder (4 damage)
             ... on level 3 of the Dungeon.
             The game lasted 00:11:21 (3588 turns).

xeno23 the Ogre Mage (Ogre Wizard)                  Turns: 3588, Time: 00:11:21

Health: 0/59       AC:  3    Str: 15    XL:     6   Next: 18%
Magic:  4/12       EV:  9    Int: 17    God:
Gold:   158        SH:  0    Dex:  8    Spells: 5 memorised, 3 levels left

rFire  . . .     SeeInvis .     a - +2 short sword (drain)
rCold  . . .     Clarity  .     j - +0 robe
rNeg   . . .     SustAb   .     (no shield)
rPois  .         Gourm    .     x - +0 hat
rElec  .         Spirit   .     (no cloak)
rCorr  .         Warding  .     (gloves unavailable)
rMut   .         Stasis   .     (boots unavailable)
MR     .....                    (no amulet)
Stlth  +.........               (no ring)
                                (no ring)

@: very slightly contaminated, not resistant to hostile enchantments, very
unstealthy
A: unfitting armour, tough skin 1
a: no special abilities


You were on level 3 of the Dungeon.
You were not hungry.

You visited 1 branch of the dungeon, and saw 3 of its levels.

You collected 158 gold pieces.

Inventory:

Hand weapons
 a - a +2 short sword of draining (weapon)
 b - a +0 blowgun
 r - a +0 trident
 u - a +0 mace
Missiles
 q - 28 poisoned needles
Armour
 j - a +0 robe (worn)
 x - a +0 hat (worn)
Magical devices
 v - a wand of frost (19)
Scrolls
 e - a scroll of amnesia {unknown}
 f - 3 scrolls of identify {unknown}
 h - 2 scrolls of teleportation {unknown}
 m - a scroll of immolation {unknown}
 t - 2 scrolls of remove curse {unknown}
Potions
 i - a potion of curing {unknown}
 l - 2 potions of brilliance {unknown}
 n - a potion of flight {unknown}
 s - a potion of lignification {unknown}
 w - a potion of beneficial mutation {unknown}
 z - a potion of magic {unknown}
Books
 c - a book of Minor Magic

   Spells                             Type                      Level
   a - Magic Dart                     Conjuration                  1
   b - Blink                          Translocation                2
   c - Call Imp                       Summoning                    2
   d - Repel Missiles                 Charms/Air                   2
   e - Slow                           Hexes                        2
   f - Conjure Flame                  Conjuration/Fire             3
   g - Mephitic Cloud                 Conjuration/Poison/Air       3
Comestibles
 d - 2 bread rations
 g - 4 meat rations
 o - 4 fruits
 p - a slice of pizza


   Skills:
 + Level 2.7 Fighting
 - Level 1.7 Dodging
 - Level 1.5 Stealth
 + Level 4.3 Spellcasting
 * Level 2.1 Conjurations
 - Level 0.6 Summonings
 * Level 1.6 Translocations
 * Level 1.4 Fire Magic
 * Level 1.6 Air Magic


You had 3 spell levels left.
You knew the following spells:

 Your Spells              Type           Power        Failure   Level  Hunger
a - Magic Dart            Conj           ##..         10%         1    None
b - Blink                 Tloc           N/A          14%         2    ##.....
c - Call Imp              Summ           #.......     21%         2    ##.....
d - Conjure Flame         Conj/Fire      #.......     24%         3    ###....
r - Repel Missiles        Chrm/Air       #.....       21%         2    ##.....


Dungeon Overview and Level Annotations

Branches:
Dungeon (3/15)

Altars:
Qazlal
Sif Muna

Annotations:
D:3 Grinder


Innate Abilities, Weirdness & Mutations

You are too large for most types of armour.
You have tough skin (AC +1).


Message History

You take 8 damage.
You closely miss Grinder.
Grinder is moderately wounded.
Grinder hits you.
You writhe in agony.
* * * LOW HITPOINT WARNING * * *
Your crimson imp blinks!
Your crimson imp hits Grinder but does no damage.
You take 7 damage.
You barely miss Grinder.
Grinder is moderately wounded.
Grinder gestures at you. Pain shoots through your body!
* * * LOW HITPOINT WARNING * * *
Your crimson imp blinks!
Grinder barely misses you.
You take 10 damage.
Casting: Call Imp
Confirm with . or Enter, or press ? or * to list all spells.
You blink.
Grinder hits you.
You die...

#.# #5# .
#.# ## #.#
#.# .# #.#
#.# !# #.#
#.# .# #.#
#.# .#
##.##
#####.#
.###...#
#.5@5ยง#
.......#
#.#####
.5..5..#
#.#
#####.##
#.# #.# #5#
#.# #(# #.#
#.# #####.#
#.#
......#####
#.#


You could see Grinder and a friendly crimson imp.

Vanquished Creatures
  A centaur (D:3)
  Jessica (D:2)
  A gnoll (D:1)
  2 adders
  Natasha (twice) (D:2)
  An ooze (D:1)
  2 giant geckos
  3 orcs (D:3)
  11 goblins
  8 hobgoblins
  12 jackals
  A quokka (D:2)
  8 bats
  3 giant cockroaches
  2 giant newts (D:1)
  10 kobolds
  6 rats
74 creatures vanquished.

Vanquished Creatures (collateral kills)
  Ijyb (D:1)
  Natasha (D:2)
  A goblin (D:3)
3 creatures vanquished.

Vanquished Creatures (others)
  2 crimson imps (D:2)
2 creatures vanquished.

Grand Total: 79 creatures vanquished

Notes
Turn   | Place    | Note
--------------------------------------------------------------
     0 | D:1      | xeno23, the Ogre Wizard, began the quest for the Orb.
     0 | D:1      | Reached XP level 1. HP: 16/16 MP: 5/5
    24 | D:1      | Reached skill level 1 in Conjurations
   235 | D:1      | Reached XP level 2. HP: 26/26 MP: 4/6
   249 | D:1      | Learned a level 2 spell: Blink
   252 | D:1      | Learned a level 2 spell: Call Imp
   255 | D:1      | Learned a level 2 spell: Repel Missiles
   381 | D:1      | Reached skill level 1 in Fighting
   591 | D:1      | Reached skill level 4 in Spellcasting
   591 | D:1      | Reached XP level 3. HP: 19/33 MP: 1/8
   597 | D:1      | Learned a level 3 spell: Conjure Flame
  1335 | D:2      | Noticed Natasha
  1335 | D:2      | Noticed Ijyb
  1358 | D:1      | Killed Ijyb
  1358 | D:1      | Reached XP level 4. HP: 19/42 MP: 6/10
  1539 | D:2      | Killed Natasha
  1806 | D:2      | Noticed Jessica
  1811 | D:2      | Killed Jessica
  1811 | D:2      | Reached skill level 1 in Translocations
  1946 | D:2      | Reached XP level 5. HP: 38/49 MP: 11/11
  2011 | D:2      | Reached skill level 1 in Fire Magic
  2144 | D:2      | Noticed Natasha
  2150 | D:2      | Killed Natasha
  2354 | D:2      | Noticed Natasha
  2363 | D:2      | Killed Natasha
  2605 | D:2      | Reached skill level 1 in Air Magic
  2752 | D:3      | Found a deep blue altar of Sif Muna.
  3069 | D:3      | Noticed a centaur
  3080 | D:3      | Killed a centaur
  3080 | D:3      | Reached XP level 6. HP: 28/59 MP: 12/12
  3246 | D:3      | Noticed a fire elemental
  3247 | D:3      | Found a stormy altar of Qazlal.
  3251 | D:3      | Noticed a water elemental
  3251 | D:3      | Noticed an air elemental
  3331 | D:3      | Noticed Grinder
  3394 | D:3      | Paralysed by Grinder for 5 turns
  3588 | D:3      | Slain by Grinder

Action                   |  1- 3 |  4- 6 || total
-------------------------+-------+-------++-------
Melee: Unarmed           |    10 |       ||    10
       Dagger            |   165 |     6 ||   171
       Short sword       |       |   152 ||   152
 Cast: Magic Dart        |    16 |     4 ||    20
       Repel Missiles    |     1 |       ||     1
       Call Imp          |     2 |     8 ||    10
       Blink             |       |     1 ||     1
 Stab: Sleeping          |       |     1 ||     1
  Eat: Chunk             |     2 |     7 ||     9
